 Dungeon Crawl Stone Soup version 0.26-a0-249-g7253cd193c (webtiles) character file.

Game seed: 14465567723706012646

1767236 bmfx the Conqueror (level 27, 273/273 HPs)
             Began as a Centaur Hunter on July 8, 2020.
             Was the Champion of Okawaru.
             Escaped with the Orb
             ... and 3 runes!
             The game lasted 02:37:54 (68591 turns).

bmfx the Conqueror (Centaur Hunter)                Turns: 68591, Time: 02:37:54

Health: 273/273    AC: 34    Str: 29    XL:     27
Magic:  27/27      EV: 14    Int: 13    God:    Okawaru [******]
Gold:   5494       SH:  5    Dex:  8    Spells: 26/26 levels left

rFire    + + +     SeeInvis +   v - +8 storm bow {god gift, elec, penet}
rCold    + . .     Faith    .   (shield currently unavailable)
rNeg     + + .     Spirit   .   Y - +4 scale mail "Baitat" {+Inv rF+ Str+2 Int-4}
rPois    .         Reflect  +   y - +2 helmet
rElec    +         Harm     .   O - scarf {rC+ rF+} {god gift}
rCorr    .                      U - +2 pair of gloves {archery} {god gift}
MR       ++++.                  l - +2 centaur barding of Hokkosto {god gift, rN+ MR+ Regen+}
Stlth    ..........             m - amulet "Luguzoxa" {Reflect +Blink rElec Int+7 Dex-3 SH+5}
HPRegen  0.95/turn              W - +4 ring of slaying
MPRegen  0.20/turn              L - ring of Koitaog {rF+ rN+ MR+ SInv}

@: very quick
A: large, hooves 3, deformed body, speed 2, low mp 1, tough skin 3
0: Orb of Zot
}: 3/15 runes: serpentine, barnacled, silver
a: Heroism, Finesse, Renounce Religion, Evoke Blink, Evoke Invisibility


You escaped.
You worshipped Okawaru.
Okawaru was exalted by your worship.
You were very full.

You visited 10 branches of the dungeon, and saw 50 of its levels.
You also visited: Ossuary, Bailey, Gauntlet and Ice Cave.

You collected 8478 gold pieces.
You spent 2984 gold pieces at shops.


Innate Abilities, Weirdness & Mutations

You have hooves in place of feet.
Armour fits poorly on your strangely shaped body.
You cover ground very quickly.
You have extremely tough skin. (AC +3)
Your magical capacity is low. (-10% MP)

Dungeon Overview and Level Annotations

Branches:
Dungeon (15/15)            Temple (1/1) D:5            Lair (6/6) D:10
 Shoals (4/4) Lair:2        Snake (4/4) Lair:3        Slime (0/5) Lair:5
    Orc (2/2) D:10            Elf (3/3) Orc:2        Vaults (5/5) D:14
  Crypt (0/3) Vaults:2     Depths (5/5) D:15            Zot (5/5) Depths:5
Ossuary (visited)          Bailey (visited)           IceCv (visited)
Gauntlet (visited)

Altars:
Ashenzari
Cheibriados
Dithmenos
Fedhas
Nemelex Xobeh
Okawaru
Ru
Sif Muna
Uskayaw
Vehumet
Wu Jian
Xom
Beogh
Jiyva

Shops:
D:8 %   Orc:2 [}%   Shoals:1 =   Shoals:3 [   Snake:2 ?   Snake:3 }=}
Vaults:2 *

Portals:
Hell: Depths:1 Depths:2 Depths:3 Depths:4 Depths:5
Abyss: Depths:2 Depths:4
Pandemonium: Depths:1 Depths:2 Depths:3 Depths:4
Ziggurat: Depths:5
Trove: Elf:1 (give +4 shadow dragon scales)

Annotations:
D:15 2 runed translucent doors, Kues's ghost, journeyman DsNe
Depths:5 3 runed translucent doors, Jeudghys's ghost, veteran MiFi


   Skills:
 O Level 27 Fighting
   Level 4.0 Maces & Flails
 - Level 22.0 Bows
 - Level 22.0 Armour
 + Level 18.4 Dodging
 - Level 0.4 Stealth
 - Level 10.0 Invocations
 - Level 10.0 Evocations


You had 26 spell levels left.
You didn't know any spells.
Your spell library contained the following spells:

 Spells                   Type           Power        Failure   Level
 Animate Skeleton         Necr           #.....       41%         1
 Apportation              Tloc           #.....       41%         1
 Corona                   Hex            #......      41%         1
 Foxfire                  Conj/Fire      #...         41%         1
 Magic Dart               Conj           #...         41%         1
 Pain                     Necr           #...         41%         1
 Shock                    Conj/Air       #...         41%         1
 Sting                    Tmut/Pois      #...         41%         1
 Summon Butterflies       Summ           #.......     41%         1
 Summon Small Mammal      Summ           #...         41%         1
 Call Imp                 Summ           #.......     56%         2
 Corpse Rot               Necr/Air       N/A          56%         2
 Ensorcelled Hibernation  Hex/Ice        #.....       56%         2
 Poisonous Vapours        Pois/Air       #.....       56%         2
 Searing Ray              Conj           #.....       56%         2
 Slow                     Hex            #.......     56%         2
 Call Canine Familiar     Summ           #.......     80%         3
 Confusing Touch          Hex            #.......     80%         3
 Conjure Flame            Conj/Fire      #.......     80%         3
 Dazzling Flash           Conj/Hex       #.....       80%         3
 Gell's Gravitas          Tloc           #.........   80%         3
 Ignite Poison            Fire/Tmut/Pois #.......     80%         3
 Inner Flame              Hex/Fire       #.......     80%         3
 Lesser Beckoning         Tloc           #.........   80%         3
 Mephitic Cloud           Conj/Pois/Air  #.......     80%         3
 Ozocubu's Armour         Chrm/Ice       #.......     80%         3
 Portal Projectile        Hex/Tloc       #.....       80%         3
 Recall                   Summ/Tloc      N/A          80%         3
 Static Discharge         Conj/Air       #.......     80%         3
 Stone Arrow              Conj/Erth      #.....       80%         3
 Summon Guardian Golem    Hex/Summ       #.......     80%         3
 Tukima's Dance           Hex            #.......     80%         3
 Vampiric Draining        Necr           #.........   80%         3
 Animate Dead             Necr           #.........   99%         4
 Cause Fear               Hex            #.........   99%         4
 Dispel Undead            Necr           #.......     99%         4
 Fulminant Prism          Conj/Hex       #.........   99%         4
 Ice Form                 Ice/Tmut       #.......     99%         4
 Iskenderun's Mystic Bla  Conj/Tloc      #.......     99%         4
 Leda's Liquefaction      Hex/Erth       #.........   99%         4
 Olgreb's Toxic Radiance  Pois           #.......     99%         4
 Petrify                  Tmut/Erth      #.......     99%         4
 Sticky Flame             Conj/Fire      #.......     99%         4
 Summon Ice Beast         Ice/Summ       #.......     99%         4
 Summon Lightning Spire   Summ/Air       #.......     99%         4
 Agony                    Necr           #.......     100%        5
 Alistair's Intoxication  Tmut/Pois      #.......     100%        5
 Bolt of Magma            Conj/Fire/Erth #.........   100%        5
 Borgnjor's Vile Clutch   Necr/Erth      #.........   100%        5
 Excruciating Wounds      Chrm/Necr      #.........   100%        5
 Fireball                 Conj/Fire      #.........   100%        5
 Iskenderun's Battlesphe  Conj/Chrm      #.......     100%        5
 Lightning Bolt           Conj/Air       #.........   100%        5
 Metabolic Englaciation   Hex/Ice        #.........   100%        5
 Silence                  Hex/Air        #.........   100%        5
 Summon Forest            Summ/Tloc      #.........   100%        5
 Summon Mana Viper        Hex/Summ       #.......     100%        5
 Yara's Violent Unravell  Hex/Tmut       #.........   100%        5
 Conjure Ball Lightning   Conj/Air       #.........   100%        6
 Darkness                 Hex            #.........   100%        6
 Death Channel            Necr           #.........   100%        6
 Eringya's Noxious Bog    Tmut/Pois      #.........   100%        6
 Freezing Cloud           Conj/Ice/Air   #.........   100%        6
 Hydra Form               Tmut           #.........   100%        6
 Invisibility             Hex            #.......     100%        6
 Iron Shot                Conj/Erth      #.........   100%        6
 Ozocubu's Refrigeration  Ice            #.........   100%        6
 Shadow Creatures         Summ           N/A          100%        6
 Simulacrum               Ice/Necr       #.........   100%        6
 Statue Form              Tmut/Erth      #........    100%        6
 Haunt                    Necr/Summ      #.........   100%        7
 Malign Gateway           Summ/Tloc      #.........   100%        7
 Orb of Destruction       Conj           #.........   100%        7
 Spellforged Servitor     Conj/Summ      #.........   100%        7
 Summon Hydra             Summ           #.........   100%        7
 Borgnjor's Revivificati  Necr           #.........   100%        8
 Death's Door             Chrm/Necr      #.........   100%        8
 Ignition                 Fire           #.........   100%        8
 Infestation              Necr           #.........   100%        8
 Necromutation            Tmut/Necr      #.........   100%        8
 Shatter                  Erth           #.........   100%        9
 Tornado                  Air            #.........   100%        9

Action                   |  1- 3 |  4- 6 |  7- 9 | 10-12 | 13-15 | 16-18 | 19-21 | 22-24 | 25-27 || total
-------------------------+-------+-------+-------+-------+-------+-------+-------+-------+-------++-------
Melee: Short sword       |    22 |       |       |       |       |       |       |       |       ||    22
       Whip              |    70 |   160 |   156 |       |       |       |       |       |       ||   386
       Kick              |    11 |    50 |    37 |     4 |       |       |       |       |     1 ||   103
       Flail             |       |       |    44 |     7 |       |       |       |       |       ||    51
       Longbow           |       |       |       |       |       |       |       |       |     1 ||     1
 Fire: Shortbow          |    51 |    86 |   356 |   279 |       |       |       |       |       ||   772
       Longbow           |       |       |       |   405 |  1217 |  1560 |  1486 |  1501 |  1787 ||  7956
Throw: Dart              |       |     7 |    55 |       |       |       |       |       |       ||    62
Invok: Heroism           |       |       |     3 |     9 |    13 |    22 |    16 |    16 |    26 ||   105
       Finesse           |       |       |       |     2 |     8 |    10 |    10 |    12 |    19 ||    61
Evoke: Wand              |       |     4 |    14 |    15 |     4 |     7 |       |     6 |     9 ||    59
       Lightning rod     |       |       |       |       |       |       |     8 |       |       ||     8
       Tin of tremorston |       |       |       |       |       |       |     5 |     5 |     8 ||    18
       Box of beasts     |       |       |       |       |       |       |       |     2 |     4 ||     6
  Use: Scroll            |     8 |     4 |    11 |     9 |    12 |    11 |     4 |     9 |    27 ||    95
       Potion            |       |       |       |     1 |     1 |     8 |       |     6 |    21 ||    37
  Eat: Ration            |     1 |     2 |     5 |     4 |     8 |     6 |     6 |     5 |    11 ||    48
Armor: Leather armour    |    34 |    38 |    16 |       |       |       |       |       |       ||    88
       Chain mail        |       |       |   167 |       |       |       |       |       |       ||   167
       Ring mail         |       |       |    23 |    97 |   155 |    65 |    65 |       |       ||   405
       Scale mail        |       |       |       |       |       |    61 |    34 |   138 |   370 ||   603
Dodge: Dodged            |    34 |    53 |    76 |    45 |   102 |   157 |   115 |   111 |   239 ||   932
Block: Other             |       |       |       |       |       |       |       |       |    70 ||    70
       Reflection        |       |       |       |       |       |       |       |       |     1 ||     1

Skill      XL: |  1  2  3  4  5  6  7  8  9 10 11 12 13 14 15 16 17 18 19 20 21 22 23 24 25 26 27 |
---------------+----------------------------------------------------------------------------------+-----
Bows           | 6 7 8 10 12 15 19 21 22 | 22.0
Fighting       | 3 4 6 10 11 15 19 21 22 27 | 27.0
Evocations     | 2 4 5 9 10 | 10.0
Maces & Flails | 1 4 |  4.0
Invocations    | 4 6 10 | 10.0
Armour         | 4 7 9 10 13 15 17 18 20 22 | 22.0
Dodging        | 5 10 11 14 15 17 18 | 18.4
Stealth        | |  0.4

Inventory:

Hand Weapons
 v - the +8 storm bow (weapon) {god gift, elec, penet}
   (Okawaru gifted it to you on level 5 of the Realm of Zot)

   It charges the ammunition it shoots with electricity; occasionally upon a
   hit, such missiles may discharge and cause terrible harm.
   Ammo fired by it will pass through the targets it hits, potentially hitting
   all targets in its path until it reaches maximum range.
 w - the +8 longbow "Ihabruah" {god gift, vorpal, rC+++ Str+5}
   (Okawaru gifted it to you on level 3 of the Lair of Beasts)

   Any arrow fired from it inflicts extra damage.
   It affects your strength (+5).
   It renders you almost immune to cold.
Missiles
 f - 1181 arrows (quivered)
 H - 11 throwing nets {!f}
Armour
 l - the +2 centaur barding of Hokkosto (worn) {god gift, rN+ MR+ Regen+}
   (Okawaru gifted it to you on level 2 of the Orcish Mines)

   It protects you from negative energy.
   It affects your resistance to hostile enchantments.
   It increases your rate of regeneration.
 y - a +2 helmet (worn)
 D - a +4 centaur barding of fire resistance
 N - a +2 cloak of stealth
 O - a scarf of resistance (worn) {god gift}
 U - a +2 pair of gloves of archery (worn) {god gift}
 Y - the +4 scale mail "Baitat" (worn) {+Inv rF+ Str+2 Int-4}
   (You found it on level 4 of the Vaults)

   It affects your strength (+2).
   It affects your intelligence (-4).
   It protects you from fire.
   It lets you turn invisible.
Jewellery
 k - a +6 ring of strength
 m - the amulet "Luguzoxa" (around neck) {Reflect +Blink rElec Int+7 Dex-3 SH+5}
   (You found it on level 3 of the Elven Halls)

   [amulet of reflection]

   It shields you and reflects attacks.
   It affects your intelligence (+7).
   It affects your dexterity (-3).
   It insulates you from electricity.
   It lets you blink.
   It affects your SH (+5).
 n - an uncursed ring of see invisible
 B - an uncursed ring of poison resistance
 E - the ring of Wunke {rC+ rN+ MR+}
   (You found it on level 3 of the Elven Halls)

   [ring of protection from cold]

   It protects you from cold.
   It protects you from negative energy.
   It affects your resistance to hostile enchantments.
 L - the ring of Koitaog (right hand) {rF+ rN+ MR+ SInv}
   (You found it on level 3 of the Elven Halls)

   [ring of protection from magic]

   It protects you from fire.
   It protects you from negative energy.
   It affects your resistance to hostile enchantments.
   It lets you see invisible.
 W - a +4 ring of slaying (left hand)
 Z - an uncursed ring of resist corrosion
Wands
 b - a wand of iceblast (99)
 c - a wand of enslavement (4)
 r - a wand of clouds (8)
 u - a wand of acid (64)
 F - a wand of digging (12)
 P - a wand of paralysis (37)
 V - a wand of polymorph (47)
Scrolls
 a - 4 scrolls of vulnerability
 e - 19 scrolls of remove curse {@r4}
 h - 32 scrolls of teleportation {@r1}
 t - 5 scrolls of magic mapping
 x - 7 scrolls of fear
 G - 6 scrolls of blinking {@r2}
 I - 11 scrolls of immolation
 K - 9 scrolls of summoning
 M - 3 scrolls of silence
 R - 5 scrolls of identify {@r3}
 X - a scroll of fog
Potions
 g - 13 potions of heal wounds {@q1}
 i - 4 potions of flight
 j - 6 potions of haste {@q4}
 o - 2 potions of resistance
 p - 4 potions of might
 q - 2 potions of ambrosia
 z - a potion of invisibility
 A - 3 potions of curing {@q2}
 C - 3 potions of cancellation
Miscellaneous
 s - a tin of tremorstones (3/3)
 J - 4 boxes of beasts
 Q - a phial of floods
 T - a lightning rod (4/4)
Comestibles
 d - 66 rations

######...#.#.#.#.#.#.#.#...# #.#
..# ####...............#### #..
#.# #......#..........# ### #.#
##.......#.......## #.#
#.....#....#......######## #.#
##...........#...##....#.. #.#
#....#.#.#.#...#..####.... #.##
##...............## #....
...#####...#..#.@.#..#...# #....
.......##...............## #....
...#####..#...#.#.#.#....# ##...
#.## ##...#...........## ##..
#.######......#....#.....#######.
......###.......#.......##.......
#.###.##..........#......#######.
#.# #.###..............)#### #.
#.###)...#.#.#.#.#.#.#.#...# #.


There were no monsters in sight!

Vanquished Creatures
  A pandemonium lord (Depths:1)
  3 orbs of fire (Zot:5)
  Mennas (Depths:4)
  4 ancient liches
  Mara (Depths:2)
  5 juggernauts
  7 Killer Klowns (Zot:5)
  Frederick (Vaults:3)
  Bai Suzhen (Vaults:5)
  Vashnia (Snake:4)
  2 curse toes
  Xtahua (Depths:3)
  20 golden dragons
  Nikola (Elf:3)
  3 bone dragons (Depths:5)
  6 electric golems
  20 tentacled monstrosities
  A Hell Sentinel (Depths:5)
  5 liches
  Jorgrun (Elf:1)
  2 deep elf blademasters (Elf:3)
  Rupert (Lair:3)
  28 Orb Guardians
  2 deep elf master archers (Elf:3)
  9 quicksilver dragons
  Asterion (Vaults:1)
  2 titans (Vaults:5)
  5 death cobs
  4 sphinxes
  11 storm dragons
  The ghost of Xucveix the Thaumaturge, an adept DrCj of Vehumet (Snake:4)
  12 shadow dragons
  13 tengu reavers
  7 nagarajas (Snake:4)
  Kirke (D:12)
  11 draconian monks
  14 vault wardens
  13 draconian knights
  5 deep elf sorcerers
  9 fire giants
  2 cacodemons
  11 frost giants
  15 draconian scorchers
  4 ghost moths
  2 iron dragons (Vaults:5)
  Louise (Depths:2)
  10 draconian shifters
  Aizul (Snake:3)
  An angel (Depths:5)
  3 deep elf elementalists
  8 draconian annihilators
  28 very ugly things
  30 stone giants
  3 draconian stormcallers
  3 war gargoyles (Vaults:5)
  15 ironheart preservers
  An entropy weaver (Vaults:5)
  13 deep elf demonologists
  2 spark wasps (Zot:4)
  A vampire knight (Depths:1)
  13 green draconians
  A dire elephant (D:15)
  13 purple draconians
  10 black draconians
  11 white draconians
  10 yellow draconians
  19 red draconians
  7 deep elf annihilators
  19 ettins
  A small abomination (Vaults:5)
  9 deep elf death magi
  Snorg (D:13)
  4 merfolk javelineers
  17 fire dragons
  12 merfolk impalers
  19 naga warriors
  18 yaktaur captains
  7 deep elf high priests
  8 great orbs of eyes
  19 ice dragons
  36 vault guards
  5 rakshasas
  4 merfolk aquamancers
  7 hydras
  5 anacondas
  5 satyrs
  11 centaur warriors
  4 spriggan air magi
  3 catoblepae (Lair:6)
  4 death knights
  4 merfolk avatars
  An anaconda (shapeshifter) (Depths:2)
  5 alligator snapping turtles
  13 death yaks
  14 dancing weapons
  36 two-headed ogres
  2 vampire magi
  16 ogre magi
  A tengu warrior (Depths:1)
  19 deep troll earth magi
  Urug (Lair:2)
  16 naga sharpshooters
  3 hell hogs (Depths:1)
  3 spriggan berserkers
  15 deep elf knights
  11 shock serpents
  2 titan zombies (Depths:2)
  8 deep troll shamans
  A soul eater (Depths:4)
  6 hell knights (Depths:1)
  4 spriggans
  13 sea snakes
  A salamander mystic (Snake:4)
  An unseen horror (D:10)
  4 wizards
  2 skeletal warriors
  2 swamp dragons (Zot:1)
  2 glowing orange brains (shapeshifter)
  4 torturous demonspawn
  6 sixfirhies
  A glowing orange brain (Depths:3)
  2 flayed ghosts
  11 deep elf archers
  21 ironbrand convokers
  59 deep trolls
  7 naga ritualists
  2 necromancers
  2 swamp dragons (shapeshifter)
  18 orc knights
  15 harpies
  4 phantasmal warriors
  An orb spider (shapeshifter) (Depths:1)
  19 ugly things
  2 stone giant zombies (Depths:2)
  39 deep elf magi
  11 mana vipers
  2 mana vipers (shapeshifter)
  5 wolf spiders
  4 orc sorcerers
  25 manticores
  21 fauns
  5 salamanders
  12 cyclopes
  A rust devil (Depths:2)
  5 merfolk sirens
  23 moths of wrath
  5 water nymphs
  Maurice (D:13)
  4 elephants
  6 guardian serpents
  26 naga magi
  2 ice statues
  21 black mambas
  A gargoyle (D:12)
  2 orange demons
  12 cane toads
  A smoke demon (Depths:4)
  26 vault sentinels
  A rime drake (Lair:5)
  A cane toad (shapeshifter) (Depths:1)
  19 freezing wraiths
  A kobold demonologist (D:13)
  A yaktaur (shapeshifter) (Vaults:5)
  A rime drake (shapeshifter) (D:14)
  6 komodo dragons
  A tormentor (Zot:4)
  2 hellions
  An ice devil (Depths:1)
  49 yaktaurs
  A harpy zombie (D:14)
  34 merfolk
  21 trolls
  A jumping spider (shapeshifter) (Vaults:4)
  A meliai (shapeshifter) (Depths:3)
  3 tengu conjurers
  2 polar bears
  2 wind drakes (shapeshifter)
  9 hornets
  A wolf spider simulacrum (IceCv)
  A hornet (shapeshifter) (D:13)
  24 slime creatures
  13 blink frogs
  A hippogriff (shapeshifter) (Vaults:3)
  8 wind drakes
  15 dream sheep
  4 raiju (Zot:4)
  15 snapping turtles
  15 hippogriffs
  3 redbacks
  3 air elementals (Elf:3)
  3 shadows
  18 water elementals
  A vampire (D:11)
  7 wraiths
  38 yaks
  4 wyverns
  2 golden eyes (shapeshifter)
  A yak (shapeshifter) (Depths:4)
  3 fire elementals
  3 hogs (D:12)
  2 chaos spawn
  A human (D:14)
  5 basilisks
  A large abomination (Depths:1)
  6 wargs
  10 vampire mosquitoes
  3 acid dragons
  39 nagas
  A soldier ant (shapeshifter) (Depths:5)
  7 hell hounds (Depths:1)
  2 floating eyes
  9 porcupines
  9 water moccasins
  7 sky beasts
  40 orc warriors
  3 boggarts (Depths:4)
  3 phantoms
  A black bear (shapeshifter) (Vaults:3)
  3 black bears
  A hornet zombie (D:15)
  8 ice beasts
  11 wolves
  54 ogres
  15 centaurs
  20 crocodiles
  Blork the orc (D:6)
  5 big kobolds
  15 bullfrogs
  4 scorpions
  An elephant simulacrum (IceCv)
  A human simulacrum (Vaults:3)
  12 wights
  5 electric eels
  2 howler monkeys (D:9)
  5 bullfrog zombies
  5 centaur zombies
  3 draconian simulacra (IceCv)
  2 human zombies (Ossuary)
  2 bullfrog skeletons
  7 hounds
  18 orc priests
  A gnoll shaman (D:10)
  2 jellies
  6 centaur skeletons
  2 iron imps
  3 iguanas
  Ijyb (D:3)
  12 orc wizards
  6 worker ants
  5 lightning spires (Zot:4)
  A killer bee zombie (D:8)
  2 spriggan simulacra (IceCv)
  4 troll simulacra (IceCv)
  2 wolf simulacra (IceCv)
  3 centaur simulacra (IceCv)
  2 big kobold zombies (Ossuary)
  A hound skeleton (D:6)
  4 mummies
  2 worker ant zombies
  8 gnolls
  9 adders
  6 naga simulacra (IceCv)
  2 ogre simulacra (IceCv)
  A shadow imp (D:8)
  15 white imps
  4 ufetubi
  2 oozes
  An adder skeleton (D:10)
  8 adder zombies
  3 ball lightnings (Zot:4)
  A dart slug (D:1)
  3 leopard geckos
  112 orcs
  2 giant cockroaches
  2 gnoll zombies (Ossuary)
  12 goblins
  7 hobgoblins
  16 jackals
  A jackal (shapeshifter) (Vaults:5)
  24 kobolds
  3 quokkas
  2 bats (D:1)
  8 frilled lizards
  A goblin zombie (Ossuary)
  7 hobgoblin zombies
  5 jackal zombies (Ossuary)
  A kobold (shapeshifter) (Vaults:5)
  4 kobold zombies
  3 orc zombies (Ossuary)
  A quokka zombie (Ossuary)
  11 rats
  A rat zombie (Ossuary)
  A crawling corpse (Vaults:5)
2367 creatures vanquished.

Vanquished Creatures (collateral kills)
  A purple draconian (Zot:5)
1 creature vanquished.

Vanquished Creatures (others)
  4 death cobs
  A draconian shifter (Zot:4)
  A black draconian (Zot:4)
  An orc high priest (Elf:3)
  3 deep elf magi (Elf:3)
  A fire elemental (Elf:3)
  An orc warrior (Elf:3)
  A wight (D:9)
  An orc priest (Vaults:5)
  2 ball lightnings (Zot:4)
  2 orcs (Elf:3)
  4 fungi
  30 plants
52 creatures vanquished.

Grand Total: 2420 creatures vanquished

Levels and vault maps discovered:
D:1:      co_arrival_square_in_a_square_in_a_square, layout_loops_ring,
          skrybe_limestone_x
D:2:      cheibrodos_helix_gallery, layout_loops_ring
D:3:      layout_basic, uniq_ijyb
D:4:      layout_loops_corners, nicolae_ossuary_entry_giza
D:5:      layout_loops_corners, nicolae_overflow_crystal_walls,
          minmay_temple_entry_nine_rooms, first_ration
D:6:      layout_rooms, uniq_blork_the_orc
D:7:      layout_loops_ring, grunt_ogre_cave
D:8:      layout_loops_ring, serial_shops, shop, kennysheep_potato
D:9:      layout_gridville
D:10:     layout_loops_ring, erik_lair_island, orc_0_dummy
D:11:     layout_stronghold, solitary_fountain
D:12:     layout_gridville, enter_bailey_3, basic_altar, uniq_kirke
D:13:     layout_loops_ring, grunt_decor_cap, fedhas_altar_4, uniq_snorg,
          uniq_maurice
D:14:     layout_gridville, grunt_vaults_entry_fortified, hex_medium
D:15:     hangedman_depths_entry_try_elsewhere_first, layout_basic,
          ebering_ghost_disaster_area, minivault_15, st_stairs_9
Temple:   roderic_octagonal_lattice_temple
Lair:1:   layout_cave_pods, gauntlet_entry_generic
Lair:2:   layout_regular_city, minmay_shoals_entry_beasts, minmay_hedge_maze,
          lemuel_fruit_fields, infiniplex_staircase_pool, lemuel_fruit_fields,
          uniq_urug
Lair:3:   layout_small_grid, minmay_snake_entry_guardpost_small,
          beast_lair_carwin_10, uniq_rupert
Lair:4:   layout_misc_corridors, beast_lair_carwin_2, grunt_megastairs_2
Lair:5:   layout_small_grid, dpeg_slime_entry_enclosed_altar
Lair:6:   evilmike_catoblepas_cave, layout_misc_corridors
Shoals:1: layout_shoals, serial_shops, shop
Shoals:2: cheibrodos_shoals_satyrical_garden, layout_shoals
Shoals:3: layout_shoals, serial_shops,
          nicolae_shop_temple_entry_statues_fountains
Shoals:4: shoals_end_simple, layout_shoals, nicolae_shoals_wave_tunnel
Snake:1:  layout_rooms
Snake:2:  layout_grid_maze, serial_shops,
          nicolae_shop_temple_entry_statues_fountains
Snake:3:  layout_cave_pods, serial_bayou, serial_bayou_crossing,
          serial_bayou_shore_a, serial_bayou_lagoon_a, serial_bayou_pond_d,
          minmay_shop_grove, uniq_aizul
Snake:4:  snake_pit, layout_misc_corridors, ebering_ghost_inner_flame,
          uniq_vashnia
Orc:1:    layout_caves, portal_ice_cave_entry_pillars_2
Orc:2:    st_orc_open, layout_caves, minmay_orc_temple_b
Elf:1:    eino_elf_arrival_shootout, layout_rooms, basic_altar,
          nicolae_trove_entry_free_sample, hangedman_corner_corridor,
          uniq_louise, uniq_jorgrun
Elf:2:    layout_gridlike
Elf:3:    elf_hall_gauntlet_narrow, layout_geoelf_grid, feat_on_display,
          uniq_nikola
Vaults:1: vaults_room_boxed, nicolae_vaults_network_periphery,
          nicolae_vaults_alarming, v_misc_11, hangedman_vaults_impose,
          v_alt_pattern_5, nicolae_vaults_display_case, v_alt_pattern_3,
          vaults_mumra_chevron_long, nicolae_vaults_border_crossing, v_misc_8,
          vaults_dpeg_encased_lava, nicolae_vaults_little_squares_5,
          grunt_vaults_diagonal, nicolae_vaults_asterisk, nicolae_vaults_theta,
          layout_vaults_maze, basic_altar, uniq_asterion
Vaults:2: blue_anna_dwarven_crypt, vaults_room_pools,
          nicolae_vaults_c_with_doors, ontoclasm_vaults_chip,
          vaults_mumra_hexcomb, dpeg_vaults_monster_row, ontoclasm_vaults_chip,
          vaults_room_ringed_pool, nicolae_vaults_circle_grid_a, v_misc_24,
          hangedman_vaults_trim, v_misc_4, ontoclasm_vaults_ring_large,
          nicolae_vaults_little_squares_6, layout_vaults_omnibox, serial_shops,
          shop
Vaults:3: nicolae_vaults_big_angled_halls, nicolae_vaults_theta, v_misc_31,
          ontoclasm_vaults_eye, nicolae_vaults_theta,
          hangedman_vaults_river_flow, ontoclasm_vaults_pinch,
          layout_vaults_quadrants, uniq_frederick
Vaults:4: nicolae_vaults_network_square, ontoclasm_vaults_shuriken, v_misc_29,
          v_misc_2, v_misc_23, v_misc_13, hangedman_vaults_stream, v_rooms_6,
          nicolae_vaults_little_squares_4, v_misc_17, vaults_room_pool,
          vaults_room_stairs_pillars, layout_vaults_ring
Vaults:5: serial_shops, uniq_bai_suzhen
Depths:1: layout_basic, grunt_hell_horde, marbit_kobold_abyss_entry,
          rand_demon_pan_entry_1, old_standard_altar, kennysheep_big_empty_room,
          ebering_dispersal_statue_hall, hangedman_decor_growths,
          onia_ninara_cookie
Depths:2: giant_chief_lemuel, layout_cave_pools,
          nicolae_abyss_entry_one_way_or_another, hell_entry,
          rand_demon_pan_entry_3, kennysheep_inner_square,
          infiniplex_staircase_pool_2, serial_bayou_shore_b, uniq_mara
Depths:3: kennysheep_snake, layout_twisted_cross, pf_hell_entry_tar_spiral,
          grunt_pan_entry_in_and_out, minmay_misc_feat_tiny,
          eino_small_chamber_without_monster, item_on_display_a,
          grunt_megastairs_1, minmay_staircase_windowed_small, uniq_xtahua
Depths:4: kennysheep_green_arena, layout_honeycomb,
          abyss_entry_small_statue_room, grunt_hell_entry_dis_grunt,
          rand_demon_pan_entry_4, infiniplex_staircase_pool_lava, uniq_mennas
Depths:5: evilmike_zot_entry_round, layout_small_grid, enter_ziggurat_f,
          gammafunk_ghost_split, hell_entry, roderic_roman_lattice,
          minmay_misc_feat_secret_circle
Zot:1:    layout_gridville, st_small_dragon_hoard_3
Zot:2:    kennysheep_blocky_room, layout_basic
Zot:3:    layout_gridlike, grunt_ministairs_2, st_large_dragon_hoard_1,
          grunt_megastairs_3
Zot:4:    infiniplex_zot_generator, layout_misc_corridors,
          st_single_dragon_hoard_3
Zot:5:    layout_gridville


Message History

There is a stone staircase leading up here.
You climb upwards.
There is a stone staircase leading down here.
There is a stone staircase leading down here.
There is an open door here.
There is a stone staircase leading up here.
You climb upwards.
There is a stone staircase leading down here.
There is a stone staircase leading up here.
You climb upwards.
There is a stone staircase leading down here.
There is a stone staircase leading up here.
You climb upwards.
There is a stone staircase leading down here.
You see here 23 stones.
There is a stone staircase leading up here.
You climb upwards.
There is a stone staircase leading down here.
There is a staircase leading out of the dungeon here.
You have escaped!

Notes
Turn   | Place    | Note
-------+----------+-------------------------------------------
     0 | D:1      | bmfx the Centaur Hunter began the quest for the Orb.
     0 | D:1      | Reached XP level 1. HP: 17/17 MP: 1/1
    42 | D:1      | Reached XP level 2. HP: 25/25 MP: 2/2
   555 | D:1      | Reached XP level 3. HP: 28/30 MP: 3/3
   903 | D:2      | Reached skill level 3 in Fighting
  1863 | D:2      | Reached XP level 4. HP: 38/38 MP: 4/4
  2692 | D:3      | Noticed Ijyb
  2809 | D:3      | Killed Ijyb
  3125 | D:3      | Reached XP level 5. HP: 46/46 MP: 5/5
  3279 | D:4      | Noticed an ogre
  3351 | D:4      | Killed an ogre
  3456 | D:4      | Found a sand-covered staircase.
  3476 | D:4      | Reached XP level 6. HP: 52/52 MP: 6/6
  3497 | Ossuary  | Entered an ossuary
  4539 | D:4      | Reached skill level 1 in Maces & Flails
  4643 | D:4      | Reached XP level 7. HP: 55/58 MP: 7/7
  5404 | D:5      | Entered Level 5 of the Dungeon
  5492 | D:5      | Found a staircase to the Ecumenical Temple.
  5505 | Temple   | Entered the Ecumenical Temple
  5573 | Temple   | Became a worshipper of Warmaster Okawaru
  6376 | D:5      | Found a shimmering altar of Xom.
  7428 | D:5      | Reached skill level 5 in Evocations
  7501 | D:6      | Identified a scroll of acquirement
  7501 | D:6      | Acquired a +1 centaur barding of fire resistance
  7598 | D:6      | Reached * piety under Okawaru
  7658 | D:6      | Reached XP level 8. HP: 45/66 MP: 8/8
  7809 | D:6      | Reached skill level 4 in Fighting
  8098 | D:6      | Reached skill level 1 in Invocations
  8196 | D:6      | Reached ** piety under Okawaru
  8233 | D:6      | Noticed Blork the orc
  8244 | D:6      | Killed Blork the orc
  8539 | D:7      | Reached skill level 10 in Bows
  8947 | D:7      | Reached XP level 9. HP: 63/71 MP: 12/12
  9006 | D:7      | Reached skill level 5 in Invocations
  9886 | D:8      | Found Usonuh's Food Emporium.
 10174 | D:8      | Reached *** piety under Okawaru
 10586 | D:9      | Got a spiked ring mail
 10597 | D:9      | Identified the +4 ring mail of the Secret Artists {Dex+3}
                  | (You found it on level 9 of the Dungeon)
 10757 | D:9      | Reached skill level 1 in Armour
 11237 | D:10     | Entered Level 10 of the Dungeon
 11315 | D:10     | Reached **** piety under Okawaru
 11315 | D:10     | Received a gift from Okawaru
 11540 | D:10     | Found a staircase to the Orcish Mines.
 11566 | D:10     | Reached XP level 10. HP: 80/80 MP: 14/14
 11825 | D:10     | Reached skill level 5 in Fighting
 12106 | D:10     | Found a staircase to the Lair.
 12210 | D:10     | Noticed an unseen horror
 12219 | D:10     | Killed an unseen horror
 12219 | D:10     | Reached ***** piety under Okawaru
 12219 | D:10     | Received a gift from Okawaru
 12219 | D:10     | Reached skill level 6 in Fighting
 12248 | D:10     | Received a gift from Okawaru
 12847 | D:11     | Noticed an eight-headed hydra
 12869 | D:11     | Killed an eight-headed hydra
 12869 | D:11     | Reached skill level 15 in Bows
 12937 | D:11     | Reached XP level 11. HP: 89/89 MP: 15/15
 13167 | D:11     | Noticed a cyan ugly thing
 13309 | D:11     | Received a gift from Okawaru
 13310 | D:11     | Got a fading longbow {god gift}
 13311 | D:11     | Identified the +1 longbow of the Purse {god gift, speed,
                  | *Slow MR++} (Okawaru gifted it to you on level 11 of the
                  | Dungeon)
 13568 | D:11     | Killed a cyan ugly thing
 14299 | Lair:1   | Entered Level 1 of the Lair of Beasts
 14388 | Lair:1   | Found a gate leading to a gauntlet.
 14431 | Gauntlet | Entered a Gauntlet
 14431 | Gauntlet | Found a transporter.
 14431 | Gauntlet | Found a transporter.
 14431 | Gauntlet | Noticed a catoblepas
 14446 | Gauntlet | Found a transporter.
 14446 | Gauntlet | Found a transporter.
 14446 | Gauntlet | Noticed an obsidian statue
 14449 | Gauntlet | Found a transporter.
 14461 | Gauntlet | Found a transporter.
 14526 | Gauntlet | Found a transporter.
 14536 | Gauntlet | Found a transporter.
 14552 | Gauntlet | Found a transporter.
 14562 | Gauntlet | Found a transporter.
 14577 | Gauntlet | Found a transporter.
 14583 | Gauntlet | Found a transporter.
 15335 | Lair:1   | Noticed a seven-headed hydra
 15342 | Lair:1   | Killed a seven-headed hydra
 15743 | Lair:2   | Reached ****** piety under Okawaru
 15804 | Lair:2   | Reached XP level 12. HP: 96/96 MP: 16/16
 15807 | Lair:2   | Received a gift from Okawaru
 15858 | Lair:2   | Found a staircase to the Shoals.
 15884 | Lair:2   | Noticed Urug
 15884 | Lair:2   | Paralysed by Urug for 3 turns
 15917 | Lair:2   | Paralysed by Urug for 5 turns
 15947 | Lair:2   | Killed Urug
 16267 | Lair:2   | Received a gift from Okawaru
 16985 | Lair:3   | Noticed Rupert
 17213 | Lair:3   | Received a gift from Okawaru
 17218 | Lair:3   | Got a smoking longbow {god gift}
 17219 | Lair:3   | Identified the +8 longbow "Ihabruah" {god gift, vorpal,
                  | rC+++ Str+5} (Okawaru gifted it to you on level 3 of the
                  | Lair of Beasts)
 17269 | Lair:3   | Killed Rupert
 17519 | Lair:3   | Noticed an eight-headed hydra
 17542 | Lair:3   | Killed an eight-headed hydra
 17715 | Lair:3   | Found a staircase to the Snake Pit.
 18175 | Lair:4   | Received a gift from Okawaru
 18185 | Lair:4   | Got an ivory shortbow {god gift}
 18189 | Lair:4   | Identified the +9 shortbow "Goblinbane" {god gift, venom,
                  | Int+2} (Okawaru gifted it to you on level 4 of the Lair of
                  | Beasts)
 18194 | Lair:4   | Reached XP level 13. HP: 102/102 MP: 17/17
 19164 | Lair:5   | Reached skill level 7 in Fighting
 19296 | Lair:5   | Received a gift from Okawaru
 19558 | Lair:5   | Found a viscous altar of Jiyva.
 19559 | Lair:5   | Found a staircase to the Slime Pits.
 19723 | Lair:6   | Entered Level 6 of the Lair of Beasts
 19828 | Lair:6   | Received a gift from Okawaru
 19893 | Lair:6   | Reached skill level 8 in Fighting
 20056 | Lair:6   | Received a gift from Okawaru
 20449 | Lair:6   | Received a gift from Okawaru
 20484 | Lair:6   | Received a gift from Okawaru
 20484 | Lair:6   | Reached skill level 9 in Fighting
 20678 | Lair:6   | Reached skill level 10 in Invocations
 20765 | Lair:6   | Reached skill level 10 in Fighting
 21116 | D:12     | Found a flagged portal.
 21125 | Bailey   | Entered a bailey
 21355 | Bailey   | Reached XP level 14. HP: 104/121 MP: 14/21
 21397 | Bailey   | Received a gift from Okawaru
 21814 | D:12     | Noticed Kirke
 21840 | D:12     | Killed Kirke
 21840 | D:12     | Reached skill level 5 in Armour
 21948 | D:12     | Found a sacrificial altar of Ru.
 22336 | D:13     | Received a gift from Okawaru
 22409 | D:13     | Noticed Maurice
 22414 | D:13     | Killed Maurice
 22420 | D:13     | Received a gift from Okawaru
 22499 | D:13     | Received a gift from Okawaru
 22500 | D:13     | Got a pair of faintly glowing gloves {god gift}
 22522 | D:13     | Identified the +2 pair of gloves "Ycsaijya" {god gift,
                  | -Cast Harm +Inv Int+7} (Okawaru gifted it to you on level
                  | 13 of the Dungeon)
 22817 | D:13     | Found a blossoming altar of Fedhas.
 22929 | D:13     | Noticed Snorg
 22952 | D:13     | Killed Snorg
 24081 | D:14     | Found a gate to the Vaults.
 24091 | D:14     | Reached XP level 15. HP: 126/126 MP: 22/22
 24102 | D:14     | Received a gift from Okawaru
 24380 | D:15     | Entered Level 15 of the Dungeon
 24789 | D:15     | Found a large runed translucent door.
 24789 | D:15     | Found a large runed translucent door.
 24816 | D:15     | Noticed Kues's ghost (journeyman DsNe)
 25171 | D:15     | Found a staircase to the Depths.
 25776 | Orc:1    | Entered Level 1 of the Orcish Mines
 25881 | Orc:1    | Found a frozen archway.
 25888 | IceCv    | Entered an ice cave
 26022 | IceCv    | Reached skill level 10 in Evocations
 26376 | IceCv    | Found an ancient bone altar of Kikubaaqudgha.
 26829 | Orc:2    | Entered Level 2 of the Orcish Mines
 26882 | Orc:2    | Found a staircase to the Elven Halls.
 26894 | Orc:2    | Received a gift from Okawaru
 26929 | Orc:2    | Received a gift from Okawaru
 26940 | Orc:2    | Got a dazzling centaur barding {god gift}
 26969 | Orc:2    | Identified the +2 centaur barding of Hokkosto {god gift,
                  | rN+ MR+ Regen+} (Okawaru gifted it to you on level 2 of the
                  | Orcish Mines)
 27108 | Orc:2    | Found Sojoxaid's Food Emporium.
 27193 | Orc:2    | Found Sotzisch's Antique Armour Shoppe.
 27195 | Orc:2    | Found Ziabb's Food Boutique.
 27238 | Orc:2    | Found Vinihie's Gadget Shoppe.
 27246 | Orc:2    | Bought a wand of paralysis (7) for 117 gold pieces
 27246 | Orc:2    | Bought a tin of tremorstones (3/3) for 520 gold pieces
 27553 | Orc:2    | Found a roughly hewn altar of Beogh.
 28030 | Shoals:1 | Entered Level 1 of the Shoals
 28037 | Lair:2   | Reached skill level 5 in Dodging
 28353 | Shoals:1 | Received a gift from Okawaru
 28444 | Shoals:1 | Found Xovaq's Jewellery Emporium.
 28468 | Shoals:1 | Bought a +6 ring of strength for 877 gold pieces
 28867 | Shoals:2 | Reached XP level 16. HP: 134/134 MP: 23/23
 28881 | Shoals:2 | Reached skill level 10 in Armour
 29097 | Shoals:2 | Acquired a +4 ring of evasion
 29497 | Shoals:2 | Received a gift from Okawaru
 29976 | Shoals:3 | Found Irghakhle's Antique Armour Emporium.
 29985 | Shoals:3 | Received a gift from Okawaru
 29998 | Shoals:3 | Bought a spiked scale mail for 288 gold pieces
 30017 | Shoals:2 | Identified the +4 scale mail "Alaoriz" {rPois Int+2 Dex-2}
                  | (You bought it in a shop on level 3 of the Shoals)
 30102 | Shoals:3 | Received a gift from Okawaru
 30103 | Shoals:3 | Got a bloodstained longbow {god gift}
 30104 | Shoals:3 | Identified the +5 longbow of Ivvaq {god gift, speed, SInv}
                  | (Okawaru gifted it to you on level 3 of the Shoals)
 30172 | Shoals:3 | Got a smoking scale mail
 30365 | Shoals:3 | Received a gift from Okawaru
 30917 | Shoals:4 | Entered Level 4 of the Shoals
 30976 | Shoals:4 | Identified the +0 scale mail of a Gauntlet {+Blink rC+
                  | rCorr MP+9} (You found it on level 3 of the Shoals)
 31217 | Shoals:4 | Reached skill level 10 in Dodging
 31305 | Shoals:4 | Received a gift from Okawaru
 31462 | Shoals:4 | Received a gift from Okawaru
 31735 | Shoals:4 | Reached skill level 11 in Fighting
 32015 | Shoals:4 | Reached XP level 17. HP: 118/145 MP: 17/24
 32077 | Shoals:4 | Identified the Catalogue of Twisted Evil
 32177 | Shoals:4 | Reached skill level 12 in Fighting
 32181 | Shoals:4 | Received a gift from Okawaru
 32284 | Shoals:4 | Got a barnacled rune of Zot
 32716 | Snake:1  | Entered Level 1 of the Snake Pit
 32912 | Snake:1  | Reached skill level 13 in Fighting
 33682 | Snake:2  | Found Uklisoq's Magic Scroll Shoppe.
 33690 | Snake:2  | Bought a scroll of fog for 42 gold pieces
 33690 | Snake:2  | Bought a scroll of teleportation for 63 gold pieces
 33690 | Snake:2  | Bought a scroll of teleportation for 63 gold pieces
 33823 | Snake:2  | Received a gift from Okawaru
 33823 | Snake:2  | Reached skill level 14 in Fighting
 33845 | Snake:2  | Got a steaming great mace {god gift}
 33846 | Snake:2  | Identified the +0 great mace "Siafytinn" {god gift, venom,
                  | rC+ Str+3} (Okawaru gifted it to you on level 2 of the
                  | Snake Pit)
 34427 | Snake:3  | Noticed Aizul
 34657 | Snake:3  | Killed Aizul
 35064 | Snake:3  | Received a gift from Okawaru
 35168 | Snake:3  | Received a gift from Okawaru
 35236 | Snake:3  | Reached skill level 15 in Fighting
 35310 | Snake:3  | Found Aluow's Gadget Boutique.
 35311 | Snake:3  | Found Teonyxkiph's Jewellery Shoppe.
 35312 | Snake:3  | Found Noanill's Gadget Boutique.
 35320 | Snake:3  | Bought a +4 ring of slaying for 1014 gold pieces
 35525 | Snake:3  | Received a gift from Okawaru
 35836 | Snake:4  | Entered Level 4 of the Snake Pit
 35939 | Snake:4  | Found a runed translucent door.
 35944 | Snake:4  | Noticed Xucveix's ghost (adept DrCj)
 36230 | Snake:4  | Reached XP level 18. HP: 163/166 MP: 25/25
 36244 | Snake:4  | Reached skill level 16 in Fighting
 36362 | Snake:4  | Received a gift from Okawaru
 36373 | Snake:4  | Reached skill level 17 in Fighting
 36397 | Snake:4  | Received a gift from Okawaru
 36418 | Snake:4  | Received a gift from Okawaru
 36434 | Snake:4  | Received a gift from Okawaru
 36463 | Snake:4  | Got a shimmering chain mail {god gift}
 36464 | Snake:4  | Identified the +1 chain mail of Hodysk {god gift, rF- MR+++
                  | SInv} (Okawaru gifted it to you on level 4 of the Snake
                  | Pit)
 36661 | Snake:4  | Got a serpentine rune of Zot
 36755 | Snake:4  | Noticed Vashnia
 36776 | Snake:4  | Killed Vashnia
 36892 | Snake:4  | Reached skill level 18 in Fighting
 37226 | Snake:4  | Killed Xucveix's ghost
 37485 | Vaults:1 | Entered Level 1 of the Vaults
 37570 | Vaults:1 | Received a gift from Okawaru
 37603 | Vaults:1 | Received a gift from Okawaru
 37794 | Vaults:1 | Received a gift from Okawaru
 37997 | Vaults:1 | Received a gift from Okawaru
 38082 | Vaults:1 | Noticed Asterion
 38090 | Vaults:1 | Reached skill level 19 in Fighting
 38099 | Vaults:1 | Killed Asterion
 38101 | Vaults:1 | Reached XP level 19. HP: 181/182 MP: 19/26
 38477 | Vaults:1 | Received a gift from Okawaru
 38484 | Vaults:1 | Identified the +7 shortbow "Qysiv" {god gift, flame, rElec
                  | rC- Int+3 Dex+6} (Okawaru gifted it to you on level 1 of
                  | the Vaults)
 39122 | Vaults:1 | Reached skill level 20 in Fighting
 39146 | Vaults:1 | Found a radiant altar of Vehumet.
 39551 | Vaults:2 | Received a gift from Okawaru
 39817 | Vaults:2 | You fall into a shaft and drop 1 floor!
 39957 | Vaults:3 | Reached skill level 21 in Fighting
 40415 | Vaults:3 | Received a gift from Okawaru
 40719 | Vaults:3 | Noticed Frederick
 40747 | Vaults:3 | Killed Frederick
 40865 | Vaults:3 | Reached XP level 20. HP: 198/198 MP: 27/27
 41443 | Vaults:2 | Reached skill level 22 in Fighting
 42064 | Vaults:2 | Found Hatusa's Assorted Antiques.
 42137 | Vaults:2 | Found a staircase to the Crypt.
 42867 | Vaults:4 | Received a gift from Okawaru
 43099 | Vaults:4 | Received a gift from Okawaru
 43386 | Vaults:4 | Identified the +3 war axe of Discord {vorpal, rPois Int+5}
 43462 | Vaults:4 | Identified the +4 scale mail "Baitat" {+Inv rF+ Str+2
                  | Int-4} (You found it on level 4 of the Vaults)
 43663 | Vaults:4 | Received a gift from Okawaru
 44247 | Depths:1 | Entered Level 1 of the Depths
 44291 | Depths:1 | Received a gift from Okawaru
 44339 | Depths:1 | Identified the +4 scimitar of Nakhluimu {flame, rN+ MR+
                  | Str+8} (You found it on level 1 of the Depths)
 44520 | Depths:1 | Found a gateway to Hell.
 44738 | Depths:1 | Found a one-way gate leading to the halls of Pandemonium.
 44748 | Depths:1 | Received a gift from Okawaru
 45426 | Depths:1 | Reached XP level 21. HP: 189/207 MP: 28/28
 45470 | Depths:1 | Found a hide-covered altar of Uskayaw.
 45684 | Depths:2 | Found a one-way gate to the infinite horrors of the Abyss.
 45685 | Depths:2 | Noticed Louise
 45696 | Depths:2 | Received a gift from Okawaru
 45697 | Depths:2 | Killed Louise
 46128 | Depths:2 | Noticed Mara
 46136 | Depths:2 | Killed Mara
 46530 | Depths:2 | Noticed a golden dragon
 46552 | Depths:2 | Killed a golden dragon
 46949 | Depths:2 | Received a gift from Okawaru
 46994 | Depths:2 | Noticed a juggernaut
 47032 | Depths:2 | Killed a juggernaut
 47032 | Depths:2 | Reached skill level 15 in Armour
 47215 | Depths:2 | Got a slimy longbow
 47216 | Depths:2 | Identified the +9 longbow of Evolution {venom, *Slow rElec
                  | rC+++} (You found it on level 2 of the Depths)
 48050 | Depths:3 | Received a gift from Okawaru
 48139 | Depths:3 | Received a gift from Okawaru
 48150 | Depths:3 | Reached XP level 22. HP: 183/215 MP: 22/29
 48393 | Depths:3 | Noticed a juggernaut
 48404 | Depths:3 | Killed a juggernaut
 48451 | Depths:3 | Received a gift from Okawaru
 48534 | Depths:3 | Noticed a golden dragon
 48544 | Depths:3 | Killed a golden dragon
 48589 | Depths:3 | Noticed a juggernaut
 48601 | Depths:3 | Killed a juggernaut
 48601 | Depths:3 | Received a gift from Okawaru
 48683 | Depths:3 | Received a gift from Okawaru
 48760 | Depths:3 | Received a gift from Okawaru
 48859 | Depths:3 | Noticed Xtahua
 48869 | Depths:3 | Killed Xtahua
 48869 | Depths:3 | Received a gift from Okawaru
 49398 | Depths:4 | Noticed Mennas
 49487 | Depths:4 | Killed Mennas
 49766 | Depths:4 | Received a gift from Okawaru
 50894 | Depths:5 | Entered Level 5 of the Depths
 50935 | Depths:5 | Noticed a juggernaut
 50950 | Depths:5 | Killed a juggernaut
 50984 | Depths:5 | Reached XP level 23. HP: 198/223 MP: 28/30
 51012 | Depths:5 | Reached skill level 15 in Dodging
 51217 | Depths:5 | Found a gateway to a ziggurat.
 51272 | Depths:5 | Received a gift from Okawaru
 51342 | Depths:5 | Noticed Jeudghys's ghost (veteran MiFi)
 51346 | Depths:5 | Found a runed translucent gate.
 51346 | Depths:5 | Found a runed translucent gate.
 51347 | Depths:5 | Found a runed translucent gate.
 51426 | Depths:5 | Noticed a juggernaut
 51437 | Depths:5 | Killed a juggernaut
 51437 | Depths:5 | Received a gift from Okawaru
 51475 | Depths:5 | Received a gift from Okawaru
 52075 | Depths:5 | Received a gift from Okawaru
 52155 | Depths:5 | Received a gift from Okawaru
 52273 | Depths:5 | Found a gate to the Realm of Zot.
 52822 | Vaults:5 | Entered Level 5 of the Vaults
 52988 | Vaults:5 | Received a gift from Okawaru
 53028 | Vaults:5 | Received a gift from Okawaru
 53028 | Vaults:5 | Reached XP level 24. HP: 187/231 MP: 30/30
 53154 | Vaults:5 | Identified the +2 leather armour of Repulsion {+Inv}
 53365 | Vaults:5 | Identified the +10 battleaxe of the Endless Dances {vamp,
                  | Dex+2}
 53365 | Vaults:5 | Identified the +2 leather armour of Shadows and Fog {rF+
                  | rC++}
 53663 | Vaults:5 | Identified the cursed +2 hand axe of Disintegration {speed,
                  | Fragile Dex+5}
 53663 | Vaults:5 | Identified the +3 scale mail of Dust Devil {rElec}
 53685 | Vaults:5 | Received a gift from Okawaru
 53944 | Vaults:5 | Identified the Volume of Conjuration and the Escort
 54152 | Vaults:5 | Noticed Bai Suzhen
 54184 | Vaults:5 | Killed Bai Suzhen
 54184 | Vaults:5 | Received a gift from Okawaru
 54301 | Vaults:5 | Got a silver rune of Zot
 54679 | Vaults:5 | Noticed an ancient lich
 54684 | Vaults:5 | Killed an ancient lich
 54867 | Vaults:5 | Noticed an ancient lich
 54876 | Vaults:5 | Killed an ancient lich
 54899 | Vaults:5 | Identified Sif Muna's Compendium of Creative Changing
 54980 | Vaults:5 | Identified the +3 dagger of Ascent {antimagic, MR+ Stlth+}
 54987 | Vaults:5 | Reached XP level 25. HP: 200/238 MP: 30/30
 55879 | Elf:1    | Entered Level 1 of the Elven Halls
 56012 | Elf:1    | Received a gift from Okawaru
 56015 | Elf:1    | Noticed Jorgrun
 56024 | Elf:1    | Killed Jorgrun
 56119 | Elf:1    | Found a portal to a secret trove of treasure.
 56135 | Elf:1    | Found a radiant altar of Vehumet.
 56197 | Elf:3    | Entered Level 3 of the Elven Halls
 56303 | Elf:3    | Received a gift from Okawaru
 56370 | Elf:3    | Noticed Nikola
 56379 | Elf:3    | Killed Nikola
 56663 | Elf:3    | Received a gift from Okawaru
 56664 | Elf:3    | Identified the +4 scale mail "Gegoegol" {god gift, rF- rC++
                  | Str-5 Stlth+} (Okawaru gifted it to you on level 3 of the
                  | Elven Halls)
 57161 | Elf:3    | Identified the ring of Wunke {rC+ rN+ MR+} (You found it on
                  | level 3 of the Elven Halls)
 57165 | Elf:3    | Identified the amulet "Luguzoxa" {Reflect +Blink rElec
                  | Int+7 Dex-3 SH+5} (You found it on level 3 of the Elven
                  | Halls)
 57167 | Elf:3    | Identified the ring of Exaij {rN+ MP+9} (You found it on
                  | level 3 of the Elven Halls)
 57501 | Elf:3    | Identified the Catalogue of Freezing Air
 57508 | Elf:3    | Identified the ring of Koitaog {rF+ rN+ MR+ SInv} (You
                  | found it on level 3 of the Elven Halls)
 57537 | Elf:3    | Identified the +4 lajatang of Fortitude {holy, *Contam
                  | Dex+3} (You found it on level 3 of the Elven Halls)
 58053 | Vaults:5 | Identified the cursed +1 leather armour "Impynar" {-Cast
                  | rF+ Str+2 Int+4} (You found it on level 5 of the Vaults)
 58517 | Zot:1    | Entered Level 1 of the Realm of Zot
 59162 | Zot:1    | Received a gift from Okawaru
 60142 | Zot:2    | Reached XP level 26. HP: 242/246 MP: 30/30
 60156 | Zot:2    | You fall into a shaft and drop 2 floors!
 60340 | Zot:3    | Identified the +0 ring mail of the Fiddle {rPois rC+ Slay+2
                  | Stlth+} (You found it on level 3 of the Realm of Zot)
 60881 | Zot:2    | Received a gift from Okawaru
 61341 | Zot:2    | Received a gift from Okawaru
 61675 | Zot:3    | Received a gift from Okawaru
 62190 | Zot:3    | Received a gift from Okawaru
 62621 | Zot:3    | Identified the ring "Edagag" {*Drain rElec rF+ Int+10
                  | Stlth-} (You found it on level 3 of the Realm of Zot)
 63305 | Zot:4    | Received a gift from Okawaru
 63776 | Zot:4    | Reached XP level 27. HP: 254/254 MP: 30/30
 64276 | Zot:4    | Received a gift from Okawaru
 64336 | Zot:4    | Reached skill level 23 in Fighting
 64650 | Zot:5    | Entered Level 5 of the Realm of Zot
 64976 | Zot:5    | Noticed an orb of fire
 64989 | Zot:5    | Killed an orb of fire
 65232 | Zot:5    | Reached skill level 24 in Fighting
 65443 | Zot:5    | Received a gift from Okawaru
 65642 | Zot:5    | Noticed an ancient lich
 65657 | Zot:5    | Killed an ancient lich
 65705 | Zot:5    | Noticed an orb of fire
 65724 | Zot:5    | Killed an orb of fire
 65734 | Zot:5    | Reached skill level 25 in Fighting
 66372 | Zot:5    | Received a gift from Okawaru
 66756 | Zot:5    | Reached skill level 26 in Fighting
 66776 | Zot:5    | Noticed an orb of fire
 66780 | Zot:5    | Gained mutation: Your magical capacity is low. (-10% MP)
                  | [an orb of fire]
 66795 | Zot:5    | Killed an orb of fire
 66803 | Zot:5    | Received a gift from Okawaru
 66804 | Zot:5    | Found the +8 storm bow {god gift, elec, penet}
 67025 | Zot:5    | Noticed an ancient lich
 67034 | Zot:5    | Killed an ancient lich
 67337 | Zot:5    | Reached skill level 27 in Fighting
 67897 | Zot:5    | Got the Orb of Zot
 68122 | Depths:5 | Received a gift from Okawaru
 68220 | Depths:1 | Noticed Foeroirph the pandemonium lord
 68271 | Depths:1 | Killed Foeroirph the pandemonium lord
 68450 | D:8      | Received a gift from Okawaru
 68591 | D:$      | Escaped with the Orb!
